AoeStats
← Leandro Paredes

Arena

509687020Analyzed
4v4 RM · 6d ago on Sep 27, 2026· 50m 10s· 8 players
Game mode
Random Map
Map size
Large (8 player)
Population
200
Speed
Normal
Resources
Standard
Victory
Conquest
Starting age
Dark Age
Ending age
Imperial Age
RankedLock teamsTeams togetherTeam positionsShared explorationLock speedFull tech treeHidden civsTurbo modeCheats
Victory
Defeat
🇺🇸 Hindustanis · United States
1154
+13
🇮🇳 Gurjaras · India
1130
+14
🇨🇿 Spanish · Czechia
1123
+15
🇳🇱 Bengalis · Netherlands
1111
+15
🇦🇷 Cumans · Argentina
1130
-15
🇹🇼 Danes · Taiwan
1110
-15
🇨🇳 Franks · China
1102
-15
🇦🇷 Teutons · Argentina
1044
-12
TheShade
viahortus
10:59 Feudal Age
12:16 Double-Bit Axe
14:35 Castle Age
14:01 Horse Collar
14:57 Loom
15:57 Bow Saw
15:50 Heavy Plow
19:53 Town Watch
20:53 Wheelbarrow
21:49 Gold Mining
21:56 Stone Mining
23:08 Hand Cart
23:40 Gold Shaft Mining
24:27 Fletching
25:22 Bodkin Arrow
28:05 Imperial Age
26:55 Ballistics
27:31 Town Patrol
27:56 Padded Archer Armor
29:09 Bloodlines
29:00 Husbandry
29:02 Bracer
30:13 Leather Archer Armor
30:41 Elite Elephant Archer
32:41 Ring Archer Armor
33:17 Paiks
33:33 Conscription
34:57 Chemistry
34:09 Fortified Wall
34:10 Masonry
40:13 Siege Engineers
40:39 Architecture
49:57 Forging
49:48 Scale Mail Armor
BittenDork
9:42 Feudal Age
14:42 Castle Age
13:07 Double-Bit Axe
15:54 Bow Saw
18:00 Loom
20:31 Horse Collar
22:12 Heavy Plow
28:11 Imperial Age
25:55 Padded Archer Armor
26:53 Wheelbarrow
26:51 Leather Archer Armor
29:52 Chemistry
29:27 Ring Archer Armor
32:30 Shatagni
35:28 Conscription
37:24 Fortified Wall
42:43 Bloodlines
42:36 Husbandry
44:13 Heavy Camel Rider
45:47 Scale Barding Armor
45:52 Forging
49:49 Imperial Camel Rider
50:55 Chain Barding Armor
Ghajini
10:06 Feudal Age
16:04 Castle Age
14:26 Horse Collar
14:31 Double-Bit Axe
16:04 Loom
20:59 Double-Bit Axe
23:05 Wheelbarrow
24:04 Bow Saw
24:40 Scale Barding Armor
25:10 Bloodlines
26:14 Hand Cart
30:49 Imperial Age
31:15 Imperial Age
32:06 Forging
32:53 Heavy Camel Rider
34:13 Chain Barding Armor
35:12 Iron Casting
40:41 Heavy Plow
43:39 Husbandry
43:01 Light Cavalry
44:49 Kshatriyas
44:48 Siege Elephant
46:16 Conscription
47:56 Frontier Guards
47:03 Elite Chakram Thrower
50:16 Scale Mail Armor
50:52 Iron Casting
51:22 Plate Barding Armor
Leandro Paredes
11:10 Feudal Age
15:40 Castle Age
14:11 Double-Bit Axe
17:23 Wheelbarrow
18:18 Horse Collar
20:04 Heavy Plow
20:28 Loom
23:43 Stone Mining
25:30 Hand Cart
26:02 Bow Saw
26:15 Town Watch
26:26 Gold Mining
26:50 Forging
27:52 Fletching
31:16 Imperial Age
28:47 Pikeman
29:53 Scale Mail Armor
30:29 Iron Casting
30:17 Squires
31:02 Fervor
31:22 Elite Skirmisher
33:09 Hoardings
32:55 Conscription
32:46 Bodkin Arrow
33:56 Crop Rotation
33:59 Conscription
35:07 Padded Archer Armor
36:20 Leather Archer Armor
36:36 Ballistics
38:21 Chemistry
48:37 Ring Archer Armor
48:12 Cavalier
49:57 Blast Furnace
49:02 Scale Barding Armor
50:39 Bloodlines
Sex Machine 24cm
9:01 Feudal Age
9:37 Double-Bit Axe
9:33 Horse Collar
13:48 Loom
19:31 Castle Age
19:07 Scale Barding Armor
20:40 Wheelbarrow
20:41 Gold Mining
23:01 Bloodlines
23:37 Pikeman
24:56 Heavy Plow
25:25 Bow Saw
25:49 Forging
26:40 Capped Ram
28:13 Chain Barding Armor
27:58 Scale Mail Armor
29:54 Hand Cart
30:56 Town Watch
32:05 Iron Casting
31:45 Chain Mail Armor
38:11 Imperial Age
36:17 Padded Archer Armor
36:08 Fletching
37:12 Gold Shaft Mining
36:27 Stone Mining
36:25 Light Cavalry
37:09 Steppe Husbandry
37:10 Town Patrol
37:49 Bodkin Arrow
38:09 Leather Archer Armor
38:17 Leather Archer Armor
38:38 Ballistics
38:29 Masonry
37:46 Elite Skirmisher
38:31 Thumb Ring
38:24 Halberdier
39:55 Plate Mail Armor
40:33 Conscription
39:57 Cavalier
41:17 Plate Barding Armor
42:13 Ring Archer Armor
42:44 Blast Furnace
43:21 Chemistry
49:05 Squires
小佑
8:44 Feudal Age
9:10 Double-Bit Axe
9:08 Horse Collar
15:50 Stone Mining
18:09 Castle Age
17:00 Forging
16:50 Scale Mail Armor
17:05 Arson
19:24 Bow Saw
19:18 Heavy Plow
20:33 Wheelbarrow
21:05 Squires
20:51 Gambesons
21:30 Gambesons
25:04 Gold Mining
26:43 Fletching
27:31 Iron Casting
27:15 Chain Mail Armor
27:15 Hamask
28:32 Hand Cart
33:00 Imperial Age
32:26 Loom
34:11 Conscription
33:47 Elite Varangian Guard
34:19 Fletching
35:30 Blast Furnace
35:01 Plate Mail Armor
34:35 Fletching
34:45 Padded Archer Armor
36:31 Caravan
36:29 Elite Skirmisher
37:17 Thumb Ring
39:20 Ballistics
40:07 Chemistry
40:54 Bodkin Arrow
41:15 Leather Archer Armor
42:45 Bracer
43:00 Leather Archer Armor
Michael
Connection lost

Rejoining the realm…

Still unreachable

The connection could not be restored.

Session expired

The server has moved on; the page needs a fresh start.